 Dungeon Crawl Stone Soup version 0.30-a0-989-g0d87f670db (webtiles) character file.

Game seed: 9675080862629469518

58410 DeathPants the Carver (level 14, -5/79 HPs)
             Began as a Vine Stalker Fighter on Apr 2, 2023.
             Was an Initiate of Gozag.
             Succumbed to a sea snake's poison
             ... on level 5 of the Lair of Beasts.
             The game lasted 00:58:29 (16914 turns).

DeathPants the Carver (Vine Stalker Fighter)       Turns: 16914, Time: 00:58:30

Health: -5/79      AC: 18    Str: 19    XL:     14   Next: 90%
Magic:  19/26      EV: 16    Int: 12    God:    Gozag
Gold:   6255       SH: 13    Dex: 19    Spells: 25/28 levels left

rFire   + . .      SeeInvis .    a - +6 scimitar
rCold   + . .      Faith    .    c - +1 buckler
rNeg    . . .      Spirit   +    I - +2 robe {rC+}
rPois   .          Reflect  +    q - +1 helmet
rElec   +          Rampage  .    H - +1 cloak
rCorr   .                        J - +2 pair of gloves
Will    +....                    i - +2 pair of boots
Stlth   +                        d - amulet of reflection
HPRegen 1.13/turn                u - +4 ring of protection
MPRegen 0.20/turn                T - ring "Dotir" {rElec rF+ Int+4}

@: lethally poisoned (-5 -> -37), gold aura, studying 2 skills, very slow
A: fangs 3, regeneration 1, magic shield, antimagic bite, no potion heal 2
a: Renounce Religion, Potion Petition, Call Merchant, Bribe Branch


You were on level 5 of the Lair of Beasts.
You worshipped Gozag.
Gozag was greatly pleased with you.
You visited 3 branches of the dungeon, and saw 20 of its levels.

You collected 6767 gold pieces.
You spent 450 gold pieces at shops.
You paid 62 gold pieces to Gozag.

Inventory:

Hand Weapons
 a - a +6 scimitar (weapon)
 b - a +1 scimitar of flaming
 N - a +2 dagger of venom
Missiles
 m - 11 boomerangs
 o - a throwing net
 w - 3 curare-tipped darts
 y - 5 atropa-tipped darts
Armour
 c - a +1 buckler (worn)
 f - a +2 chain mail of willpower
 i - a +2 pair of boots (worn)
 q - a +1 helmet (worn)
 H - a +1 cloak (worn)
 I - a +2 robe of cold resistance (worn)
 J - a +2 pair of gloves (worn)
Jewellery
 d - an amulet of reflection (around neck)
 h - a ring of resist corrosion
 t - a ring of ice
 u - a +4 ring of protection (left hand)
 A - a +4 ring of protection
 O - a ring of wizardry
 T - the ring "Dotir" (right hand) {rElec rF+ Int+4}
   (You found it on level 4 of the Lair of Beasts)

   [ring of protection from fire]

   Int:       It affects your intelligence (+4).
   rF:        It protects you from fire.
   rElec:     It insulates you from electricity.
Wands
 n - a wand of mindburst (63)
 z - a wand of roots (6)
 F - a wand of polymorph (2)
 G - a wand of charming (9)
 M - a wand of flame (4)
Scrolls
 k - 8 scrolls of teleportation
 l - 5 scrolls of amnesia
 p - a scroll of enchant weapon
 C - 2 scrolls of blinking
 E - 2 scrolls of magic mapping
 K - a scroll of silence
 L - 2 scrolls of identify
 S - a scroll of fog
 U - a scroll of vulnerability
Potions
 e - 2 potions of magic
 g - 4 potions of might
 j - 3 potions of mutation
 r - 2 potions of brilliance
 s - 2 potions of flight
 v - 9 potions of curing
 x - 5 potions of invisibility
 B - 3 potions of lignification
 D - a potion of cancellation
 P - a potion of attraction
 Q - 3 potions of haste
 V - a potion of experience {unknown}
Miscellaneous
 R - a box of beasts
 W - a phantom mirror


   Skills:
 + Level 11.5 Fighting
 - Level 14.0 Long Blades
 - Level 2.4 Armour
 + Level 7.8 Dodging
 + Level 8.9 Shields
 - Level 7.7 Spellcasting
 + Level 9.0 Summonings


You had 25 spell levels left.
You knew the following spells:

 Your Spells              Type           Power      Damage    Failure   Level
a - Call Canine Familiar  Summ           26%        N/A       1%          3

Your spell library contained the following spells:

 Spells                   Type           Power      Damage    Failure   Level
 Apportation              Tloc           8%         N/A       19%         1
 Sandblast                Erth           8%         2d5       19%         1
 Ensorcelled Hibernation  Hex/Ice        8%         N/A       28%         2
 Passwall                 Tmut/Erth      3%         N/A       28%         2
 Sublimation of Blood     Necr           4%         N/A       28%         2
 Dazzling Flash           Conj/Hex       8%         N/A       50%         3
 Ignite Poison            Fire/Tmut/Pois 4%         N/A       50%         3
 Inner Flame              Hex/Fire       4%         N/A       50%         3
 Portal Projectile        Hex/Tloc       8%         N/A       50%         3
 Stone Arrow              Conj/Erth      8%         3d7       50%         3
 Swiftness                Air            4%         N/A       50%         3
 Tukima's Dance           Hex            4%         N/A       50%         3
 Cause Fear               Hex            2%         N/A       88%         4
 Iskenderun's Mystic Bla  Conj/Tloc      4%         2d3       88%         4
 Leda's Liquefaction      Hex/Erth       2%         N/A       88%         4
 Passage of Golubria      Tloc           4%         N/A       88%         4
 Petrify                  Tmut/Erth      4%         N/A       88%         4
 Sticky Flame             Conj/Fire      4%         2d3       88%         4
 Alistair's Intoxication  Tmut/Pois      2%         N/A       99%         5
 Blade Hands              Tmut           2%         N/A       99%         5
 Freezing Cloud           Conj/Ice/Air   2%         6-21      99%         5
 Irradiate                Conj/Tmut      2%         3d12      99%         5
 Yara's Violent Unravell  Hex/Tmut       2%         3d3       99%         5
 Starburst                Conj/Fire      2%         6d3       100%        6
 Discord                  Hex            2%         N/A       100%        8
 Ignition                 Fire           2%         3d3       100%        8
 Polar Vortex             Ice            2%         N/A       100%        9
 Simulacrum               Ice/Necr       Unusable   N/A       N/A         6

Dungeon Overview and Level Annotations

Branches:
Dungeon (14/15)            Temple (1/1) D:4            Lair (5/5) D:10
 Shoals (0/4) Lair:2       Spider (0/4) Lair:3        Slime (0/5) Lair:4
    Orc (0/2) D:10
 Vaults: D:13-14

Altars:
Ashenzari
Cheibriados
Dithmenos
Elyvilon
Fedhas
Gozag
Hepliaklqana
Kikubaaqudgha
Makhleb
Nemelex Xobeh
Okawaru
Qazlal
Ru
Sif Muna
Trog
Uskayaw
Vehumet
Wu Jian
Xom
Yredelemnul
Zin
The Shining One
Jiyva

Shops:
D:2 (   D:12 =

Portals:
Trove: D:11 (give 7 scrolls of blinking)

Annotations:
D:4 3 runed translucent doors, Mickster's ghost, amateur HOBe
D:9 1 runed translucent door


Innate Abilities, Weirdness & Mutations

You have razor-sharp teeth.
Your natural rate of healing is unusually fast.
When hurt, damage is shared between your health and your magic reserves.
Your bite disrupts and absorbs the magic of your enemies.
Potions cannot restore your health.


Message History

You are poisoned.
The sea snake poisons you! The sea snake closely misses you.
You slash the sea snake! You bite the sea snake! You drain its power.
You feel invigorated.
The sea snake is moderately wounded.
You feel extremely sick. The sea snake barely misses you.
Your unstable footing causes you to fumble your attack.
You feel extremely sick.
You hit the sea snake.
The sea snake is heavily wounded.
You feel very sick. You block the sea snake's attack.
You miss the sea snake. Your bite misses the sea snake.
The sea snake is heavily wounded.
You feel extremely sick. You block the sea snake's attack.
You hit the sea snake.
The sea snake is heavily wounded.
You feel very sick. You block the sea snake's attack.
Your unstable footing causes you to fumble your attack.
You feel very sick. You block the sea snake's attack.
Your unstable footing causes you to fumble your attack.
You feel very sick. The sea snake bites you!
You are lethally poisoned!
The sea snake poisons you!
You slice the sea snake!! Your bite misses the sea snake.
The sea snake is severely wounded.
* * * LOW HITPOINT WARNING * * *
You feel extremely sick.
The sea snake bites you but does no damage.
You slash the sea snake! You bite the sea snake.
You kill the sea snake!
* * * LOW HITPOINT WARNING * * *
You feel extremely sick.
You die...
Your body crumbles into a pile of gold.

....~~~P~~P~~~~~~~~~~~~~~~
.....~~~~~~~~~~~~~~~~~~~~
.....##~######$#####.#~#
....~#~.#~~~#⌠.~~.~~P~⌠#
....~~~~~~~~#~~~~~~~~~~
.....~~~#~~~#~~~~~~~~~
.....##~#~#~#~8###.##.
....~##~#~~..~~~~$!(#
....~.~~~~.~~~~.@≈≈)#
....~~~~~~.~~~~.~≈≈~#
....~##~#~~~~~$~)~)?#
....~#.~~~~~#~8#~####
....~~~~#~~~#~~~~~~
.....~~~~~~~#~~~~~~~~
.....~#..~~.#⌠~~~~~~~~⌠
.....~#~###~.##.#######
.....~~~ ~~P ~~~


There were no monsters in sight!

Vanquished Creatures
  Frances (D:13)
  Kirke (Lair:3)
  Josephine (Lair:3)
  Fannar (D:10)
  A hydra (Lair:4)
  A catoblepas (Lair:5)
  4 centaur warriors (D:13)
  A merfolk avatar (Lair:5)
  2 two-headed ogres
  A boulder beetle (D:11)
  Nergalle (Lair:3)
  Amaemon (Lair:3)
  2 sea snakes (Lair:5)
  4 lindwurms (Lair:4)
  A harpy (Lair:5)
  6 cyclopes
  2 ugly things
  An elephant (Lair:5)
  3 black mambas
  A torpor snail (Lair:1)
  2 merfolk sirens (Lair:2)
  Maurice (D:9)
  9 cane toads
  An orange demon (Lair:3)
  2 kobold demonologists
  An efreet (D:13)
  5 rime drakes
  9 komodo dragons
  2 trolls
  2 merfolk (Lair:2)
  4 polar bears
  A wind drake (Lair:5)
  18 blink frogs
  Grinder (D:5)
  6 slime creatures
  2 jumping spiders
  3 shadows
  80 yaks
  2 centaur simulacra (D:11)
  3 wyverns
  A vampire (D:11)
  4 wraiths
  6 steam dragons
  11 basilisks
  A redback (Lair:3)
  An acid dragon (D:9)
  14 water moccasins
  Duvessa (D:4)
  A meliai simulacrum (D:11)
  8 orc warriors
  3 sky beasts
  3 ice beasts
  A black bear (Lair:1)
  7 wolves
  4 ogres
  16 centaurs
  3 phantoms
  7 bullfrogs
  7 kobold brigands
  A gnoll sergeant (D:9)
  6 scorpions
  12 wights
  Dowan (D:4)
  14 killer bees
  2 howler monkeys
  An electric eel (D:11)
  4 jellies
  A hound (D:4)
  6 orc priests
  10 orc wizards
  3 sleepcaps
  A gnoll bouda (D:5)
  5 iguanas
  20 gnolls
  8 adders
  2 shadow imps
  2 white imps
  An ufetubus (D:7)
  3 dart slugs
  42 orcs
  8 endoplasms
  7 giant cockroaches
  11 goblins
  8 hobgoblins
  2 quokkas
  6 ball pythons
  4 bats
  3 frilled lizards
  A goblin zombie (D:9)
  28 kobolds
  A kobold skeleton (D:9)
  8 rats
521 creatures vanquished.

Vanquished Creatures (collateral kills)
  A slime creature (Lair:4)
  A basilisk (Lair:5)
2 creatures vanquished.

Vanquished Creatures (others)
  6 humans
  2 water moccasins (Lair:3)
  35 fungi
  80 plants
123 creatures vanquished.

Grand Total: 646 creatures vanquished

Notes
Turn   | Place    | Note
-------+----------+-------------------------------------------
     0 | D:1      | DeathPants the Vine Stalker Fighter began the quest for the
                  | Orb.
     0 | D:1      | Reached XP level 1. HP: 11/11 MP: 2/2
   149 | D:1      | Reached skill level 2 in Long Blades
   188 | D:1      | Reached XP level 2. HP: 16/16 MP: 3/3
   591 | D:2      | Found a faded altar of an unknown god.
   674 | D:2      | Reached XP level 3. HP: 19/19 MP: 4/4
  1422 | D:2      | Reached skill level 1 in Dodging
  1463 | D:2      | Found Unoech's Weapon Emporium.
  1680 | D:2      | Gained mutation: Your natural rate of healing is unusually
                  | fast. [Vine Stalker growth]
  1680 | D:2      | Reached XP level 4. HP: 24/24 MP: 5/5
  1716 | D:3      | Learned a level 3 spell: Call Canine Familiar
  1792 | D:4      | Found a staircase to the Ecumenical Temple.
  1839 | Temple   | Entered the Ecumenical Temple
  1943 | Temple   | Became a worshipper of Gozag Ym Sagoz the Greedy
  2014 | D:3      | Reached skill level 3 in Long Blades
  2136 | D:3      | Reached XP level 5. HP: 28/28 MP: 6/6
  2452 | D:3      | Found a shadowy altar of Dithmenos.
  2695 | D:4      | Reached XP level 6. HP: 32/32 MP: 5/7
  2716 | D:4      | Noticed Duvessa
  2716 | D:4      | Noticed Dowan
  2734 | D:4      | Killed Duvessa
  2735 | D:4      | Reached skill level 4 in Long Blades
  2741 | D:4      | Killed Dowan
  2826 | D:5      | Entered Level 5 of the Dungeon
  2875 | D:4      | Reached XP level 7. HP: 37/37 MP: 8/8
  3141 | D:4      | Found a runed translucent gate.
  3141 | D:4      | Found a runed translucent gate.
  3141 | D:4      | Found an opulent altar of Gozag.
  3142 | D:4      | Found a runed translucent gate.
  3147 | D:4      | Noticed Mickster's ghost (amateur HOBe)
  3147 | D:4      | Noticed a steam dragon
  3563 | D:6      | Noticed a steam dragon
  3567 | D:5      | Noticed Grinder
  3581 | D:5      | Reached skill level 5 in Long Blades
  3588 | D:5      | Killed Grinder
  3589 | D:5      | Gained mutation: You have razor-sharp teeth. [Vine Stalker
                  | growth]
  3589 | D:5      | Reached XP level 8. HP: 21/42 MP: 9/9
  3797 | D:5      | Reached skill level 6 in Long Blades
  3877 | D:6      | Found a bloodstained altar of Trog.
  3929 | D:5      | Reached skill level 5 in Fighting
  3935 | D:5      | Reached skill level 5 in Shields
  4118 | D:5      | Reached XP level 9. HP: 47/47 MP: 10/10
  4358 | D:5      | Reached skill level 7 in Long Blades
  4916 | D:6      | Identified a scroll of acquirement
  4916 | D:6      | Acquired 1042 gold pieces
  5060 | D:6      | Reached skill level 8 in Long Blades
  5239 | D:6      | Reached skill level 1 in Spellcasting
  5403 | D:8      | Reached XP level 10. HP: 48/53 MP: 9/12
  6501 | D:8      | Reached skill level 9 in Long Blades
  7212 | D:9      | Found a sacrificial altar of Ru.
  7339 | D:10     | Entered Level 10 of the Dungeon
  7350 | D:9      | Noticed a two-headed ogre
  7358 | D:9      | Killed a two-headed ogre
  7359 | D:9      | Reached XP level 11. HP: 52/58 MP: 14/18
  7462 | D:9      | Reached skill level 10 in Long Blades
  7469 | D:9      | Reached skill level 1 in Summonings
  7632 | D:9      | Found a runed translucent door.
  7638 | D:9      | Found a basalt altar of Yredelemnul.
  7755 | D:9      | Noticed Maurice
  7771 | D:9      | Killed Maurice
  8064 | D:9      | Found a hazy altar of Hepliaklqana.
  8276 | D:10     | Noticed Fannar
  8289 | D:10     | Killed Fannar
  8290 | D:10     | Reached skill level 5 in Spellcasting
  8428 | D:10     | Noticed a sixfirhy
  8739 | D:10     | Found a staircase to the Orcish Mines.
  8822 | D:10     | Found a staircase to the Lair.
  9041 | D:10     | Found a snail-covered altar of Cheibriados.
  9651 | D:11     | Noticed a cyclops
  9666 | D:11     | Killed a cyclops
  9694 | D:12     | Noticed a cyclops
  9705 | D:12     | Killed a cyclops
  9706 | D:12     | Reached skill level 11 in Long Blades
  9722 | D:11     | Noticed a boulder beetle
  9743 | D:11     | Killed a boulder beetle
  9866 | D:11     | Reached XP level 12. HP: 57/65 MP: 19/21
 10320 | D:11     | Found a portal to a secret trove of treasure.
 10352 | D:11     | Reached skill level 5 in Summonings
 10430 | D:11     | Reached skill level 12 in Long Blades
 10751 | D:13     | Noticed a centaur warrior
 10756 | D:13     | Killed a centaur warrior
 10793 | D:12     | Found a hazy altar of Hepliaklqana.
 10946 | D:12     | Found Pilleyce's Jewellery Shop.
 11174 | D:13     | Noticed a centaur warrior
 11180 | D:13     | Noticed Frances
 11181 | D:13     | Killed a centaur warrior
 11199 | D:13     | Killed Frances
 11228 | D:13     | Noticed a two-headed ogre
 11334 | D:13     | Reached XP level 13. HP: 66/70 MP: 22/25
 11620 | D:12     | Bought a ring of wizardry for 450 gold pieces
 11757 | D:13     | Reached skill level 5 in Dodging
 11839 | Lair:1   | Entered Level 1 of the Lair of Beasts
 11864 | Lair:1   | Reached skill level 13 in Long Blades
 12895 | Lair:2   | Found a staircase to the Shoals.
 12919 | Lair:2   | Reached skill level 10 in Fighting
 13073 | Lair:3   | Noticed Kirke
 13079 | Lair:3   | Noticed Nergalle
 13082 | Lair:3   | Killed Kirke
 13168 | Lair:3   | Killed Nergalle
 13553 | Lair:2   | Reached skill level 14 in Long Blades
 13642 | Lair:2   | Reached XP level 14. HP: 72/77 MP: 24/26
 14127 | Lair:3   | Found a hole to the Spider Nest.
 14193 | Lair:3   | Noticed Amaemon
 14199 | Lair:3   | Noticed Josephine
 14210 | Lair:3   | Killed Amaemon
 14227 | Lair:3   | Killed Josephine
 15371 | Lair:5   | Entered Level 5 of the Lair of Beasts
 15515 | Lair:4   | Found a staircase to the Slime Pits.
 15515 | Lair:4   | Found a viscous altar of Jiyva.
 16341 | Lair:4   | Identified the ring "Dotir" {rElec rF+ Int+4}
 16839 | Lair:5   | Identified the +5 trident of Ysisutar {vamp, Str+3}
 16914 | Lair:5   | Succumbed to a sea snake's poison

Illustrated notes

Levels and vault maps discovered:
D:1:      minmay_arrival_stone_box, layout_loops_corners,
          grunt_decor_resistance, st_stairs_5
D:2:      layout_basic, serial_shops, nicolae_shop_bloodbath_and_beyond,
          hellmonk_ecumenical_altar_lost_god, st_stairs_11
D:3:      layout_basic, grunt_dithmenos_smoke_and_mirrors
D:4:      layout_basic, minmay_temple_entry_stoned_glass, ebering_ghost_gozag,
          minmay_distorted, uniq_duvessa
D:5:      layout_loops_corners, kennysheep_cluttered_room,
          kennysheep_generic_room_4, uniq_grinder
D:6:      layout_rooms, bloody_trog
D:7:      layout_cave_pools, serial_rivers, chequers_serial_rivers_large_b,
          chequers_serial_rivers_micro_c, chequers_serial_rivers_room_a,
          chequers_serial_rivers_marsh, chequers_serial_rivers_large_a,
          chequers_serial_rivers_room_b
D:8:      layout_cave_pods, minmay_joined_circles
D:9:      wad_crossroads, layout_long_grid, marbit_many_paths,
          dk_yredelemnul_ordeal, lemuel_tele_altar, serial_glass,
          glass_columns_c, glass_columns_a, glass_columns_b, glass_columns_a,
          glass_columns_b, glass_columns_a, uniq_maurice
D:10:     layout_layer_cave, cheibriados_altar_1, lair_entry_dummy, erik_orc_4,
          uniq_fannar
D:11:     layout_loops_ring, nicolae_trove_entry_crossroad, serial_ice,
          serial_ice_c, serial_ice_j, serial_ice_e, serial_ice_n, serial_ice_b,
          serial_ice_o, portal_ice_cave_rime
D:12:     layout_rooms, dreamdust_wishing_well, nicolae_take_the_stairs,
          nicolae_hepliaklqana_hazy_memory
D:13:     layout_loops_cross, ximxim_vaults_locker_room, uniq_frances
D:14:     minmay_quarter_circles, layout_layer_cave, minmay_splitting_lines,
          minivault_14
Temple:   regret_index_temple_sphere_string
Lair:1:   layout_long_grid
Lair:2:   layout_chaotic_city, elwin_shoals_entry_stream,
          infiniplex_staircase_pool_2, serial_bayou_shore_b, grunt_megastairs_5
Lair:3:   layout_cave_pods, spider_nest_entry_a, chequers_serial_rivers_room_b,
          worms_lemuel, serial_bayou_shore_b, grunt_megastairs_1, uniq_amaemon,
          uniq_kirke, uniq_nergalle, uniq_josephine
Lair:4:   layout_roguey, minmay_slime_entry_pillars, minmay_lindwurm_lava
Lair:5:   gammafunk_lair_ancient_temple, layout_regular_city,
          chequers_serial_rivers_micro_b, wad_woods_road_06,
          kennysheep_basilisk_garden

Skill      XL: |  1  2  3  4  5  6  7  8  9 10 11 12 13 14 |
---------------+-------------------------------------------+-----
Long Blades    | 2 3 4 5 6 8 9 11 12 14 | 14.0
Shields        | 3 4 5 6 7 8 |  8.9
Fighting       | 3 4 5 6 7 8 9 10 11 | 11.5
Dodging        | 1 2 3 4 6 7 |  7.8
Spellcasting   | 1 4 5 7 |  7.7
Summonings     | 3 6 7 9 |  9.0
Armour         | |  2.4

Action                     |  1- 3 |  4- 6 |  7- 9 | 10-12 | 13-15 || total
---------------------------+-------+-------+-------+-------+-------++-------
  Melee: Long sword        |    72 |       |    12 |       |       ||    84
         Bite              |    25 |    27 |    87 |   213 |   313 ||   665
         Dagger            |    40 |   104 |   119 |    81 |       ||   344
         Scimitar          |       |       |   116 |   551 |   740 ||  1407
  Throw: Boomerang         |       |     3 |     8 |     7 |       ||    18
         Throwing net      |       |       |       |     1 |       ||     1
         Dart              |       |       |       |     1 |       ||     1
   Cast: Call Canine Famil |       |       |       |       |    19 ||    19
  Evoke: Wand              |       |       |     1 |       |       ||     1
    Use: Potion            |     1 |     1 |     1 |     4 |     4 ||    11
         Scroll            |       |     5 |     6 |    11 |     9 ||    31
   Stab: Distracted        |       |       |     1 |     4 |     5 ||    10
         Sleeping          |       |       |       |       |     2 ||     2
 Armour: Scale mail        |    42 |    23 |    41 |   150 |       ||   256
         Chain mail        |       |       |       |   175 |     5 ||   180
         Robe              |       |       |       |       |   241 ||   241
  Dodge: Dodged            |    50 |    40 |    78 |   237 |   445 ||   850
  Block: Buckler           |    25 |    27 |   105 |   425 |   505 ||  1087
         Reflection        |       |       |     5 |    25 |     9 ||    39

Table legend: (Time is in decaauts)
 A = Elapsed time spent in this place.
 B = Non-inter-level travel time spent in this place.
 C = Inter-level travel time spent in this place.
 D = Time resting spent in this place.
 E = Time spent auto-exploring this place.
 F = Levels seen in this place.
 G = Mean time per level.
                   A        B        C        D        E       F      G
               +--------+--------+--------+--------+--------+-----+--------+
         Total |  16840 |  16362 |    478 |    392 |  10455 |  20 |  842.0 |
       Dungeon |  11720 |  11397 |    323 |    242 |   7394 |  14 |  837.1 |
        Temple |    129 |    105 |     24 |      0 |     82 |   1 |  129.0 |
          Lair |   4991 |   4861 |    130 |    150 |   2979 |   5 |  998.2 |
               +--------+--------+--------+--------+--------+-----+--------+

Top non-repeatable levels by time:
    D:10: 1366 daAuts
  Lair:3: 1252 daAuts
     D:5: 1210 daAuts
  Lair:4: 1140 daAuts
     D:8: 1122 daAuts
     D:9: 1112 daAuts
  Lair:2: 1088 daAuts
     D:1: 1071 daAuts
    D:11: 1020 daAuts
     D:4: 1017 daAuts
  Lair:1: 929 daAuts
     D:7: 751 daAuts
     D:3: 683 daAuts
    D:13: 654 daAuts
     D:2: 630 daAuts
